 Dungeon Crawl Stone Soup version 0.16.2-12-gd0ad4c3 (webtiles) character file.

5496 Peloso the Blocker (level 10, 0/88 HPs)
             Began as a Minotaur Fighter on Oct 8, 2015.
             Was a Believer of Okawaru.
             Slain by an unseen horror (4 damage)
             ... on level 9 of the Dungeon.
             The game lasted 00:37:57 (10318 turns).

Peloso the Blocker (Minotaur Fighter)              Turns: 10318, Time: 00:37:57

Health: 0/88       AC: 14    Str: 23    XL:     10   Next: 42%
Magic:  4/4        EV:  9    Int:  5    God:    Okawaru [**....]
Gold:   615        SH:  0    Dex: 11    Spells: 0 memorised, 9 levels left

rFire  . . .     SeeInvis .     y - +2 long sword
rCold  . . .     Clarity  .     w - +0 plate armour
rNeg   + . .     SustAb   +     (no shield)
rPois  .         Gourm    .     (helmet restricted)
rElec  .         Spirit   .     (no cloak)
rCorr  .         Warding  .     (no gloves)
rMut   .         Stasis   .     (no boots)
MR     .....                    I - amulet of faith
Stlth  ..........               j - ring of sustain abilities
                                J - ring of positive energy

@: not resistant to hostile enchantments, extremely unstealthy
A: retaliatory headbutt, horns 2
a: Heroism, Renounce Religion


You were on level 9 of the Dungeon.
You worshipped Okawaru.
Okawaru was pleased with you.
You were very hungry.

You visited 2 branches of the dungeon, and saw 10 of its levels.
You also visited: Sewer and Ossuary.

You collected 615 gold pieces.

Inventory:

Hand weapons
 i - a cursed +0 whip of flaming
 m - a +0 hand axe of flaming
 y - a +2 long sword (weapon)
 H - the +3 shortbow of Famine {flame, Stlth+}
   (You found it on level 8 of the Dungeon)

   It causes projectiles fired from it to burn those they strike, causing extra
   injury to most foes and up to half again as much damage against particularly
   susceptible opponents.
   It makes you more stealthy.
Missiles
 x - 9 arrows of frost
Armour
 c - a +1 shield
 w - a +0 plate armour (worn)
Jewellery
 a - an uncursed ring of ice
 j - a ring of sustain abilities (right hand)
 p - a +5 ring of intelligence
 I - an amulet of faith (around neck)
 J - a ring of positive energy (left hand)
Magical devices
 b - a wand of magic darts (27)
 u - a wand of disintegration (0)
 C - a wand of fire (5)
Scrolls
 h - a scroll of holy word
 k - 3 scrolls of fear
 n - 3 scrolls of enchant armour
 t - a scroll of torment {unknown}
 E - a scroll of remove curse
 G - a scroll of identify
Potions
 e - a potion of resistance
 f - 2 potions of restore abilities
 g - a potion of brilliance
 l - a potion of berserk rage
 q - 2 potions of magic
 r - 5 potions of haste
 v - 4 potions of heal wounds {unknown}
 z - a potion of curing
 A - a potion of lignification {unknown}
 B - 2 potions of flight {unknown}
 D - 2 potions of agility {unknown}
 F - a potion of might
Comestibles
 d - 6 bread rations
 o - 26 fruits
 s - 3 meat rations


   Skills:
 + Level 8.2 Fighting
 + Level 8.2 Long Blades
 + Level 9.6 Armour
 + Level 5.3 Dodging
 + Level 1.2 Stealth
 + Level 11.1 Shields
 + Level 0.2 Invocations


You had 9 spell levels left.
You didn't know any spells.

Dungeon Overview and Level Annotations

Branches:
Dungeon (9/15)             Temple (1/1) D:7            Lair (0/8) D:8
    Orc: D:9-12

Altars:
Ashenzari
Cheibriados
Dithmenos
Elyvilon
Fedhas
Gozag
Kikubaaqudgha
Makhleb
Nemelex Xobeh
Okawaru
Qazlal
Ru
Sif Muna
Trog
Vehumet
Xom
Yredelemnul
Zin
The Shining One

Shops:
D:6 *   D:8 (   D:9 ?


Innate Abilities, Weirdness & Mutations

You reflexively headbutt those who attack you in melee.
You have a pair of horns on your head.


Message History

Zapping:
u - a wand of disintegration {zapped: 7} (will waste charges)
Press: ? - help, Shift-Dir - straight line Nothing appears to happen.
Evoking this partially-identified wand wasted a few charges.
Something hits you but does no damage.
Evoke which item? (* to show all) (? for menu, Esc to quit)
Zapping:
u - a wand of disintegration {zapped: 10} (will waste charges)
Press: ? - help, Shift-Dir - straight line Nothing appears to happen.
Evoking this partially-identified wand wasted a few charges.
Something hits you.
* * * LOW HITPOINT WARNING * * *
Something hits you but does no damage. Something hits you.
* * * LOW HITPOINT WARNING * * *
Your plate armour prevents you from hitting something.
You headbutt something. Something hits you.
* * * LOW HITPOINT WARNING * * *
You closely miss something. Something hits you.
You die...

#..$....%..# #.#
###....#####.## #.#
#.............## #.#
#.........##.#.####.#
#.......#.#.###.....#
#....##....#.######
#...$=......##
####.#####.##
#..@....# #########


There were no monsters in sight!

Vanquished Creatures
  The ghost of Vex the Grappler, an experienced TrMo of Xom (D:8)
  Pikel (D:5)
  The ghost of HANFGEIST the Nimble, an experienced SpAE of Nemelex Xobeh (D:7)
  A troll (D:9)
  Eustachio (D:5)
  A yak (D:8)
  A hippogriff (D:8)
  A hungry ghost (D:9)
  A steam dragon (D:7)
  2 black bears
  3 ice beasts
  2 phantoms
  An ogre (D:7)
  Duvessa (D:9)
  3 centaurs
  A big kobold (D:8)
  5 giant frogs
  4 scorpions
  2 wyvern skeletons
  3 killer bees (D:8)
  3 wights (D:6)
  Dowan (D:9)
  4 crimson imps
  A goliath beetle (D:8)
  A centaur skeleton (D:7)
  3 orc priests
  2 centaur zombies (Ossuary)
  A jelly (D:8)
  An iguana (D:8)
  6 orc wizards
  4 worker ants
  5 hounds
  2 big kobold zombies (Ossuary)
  4 mummies (Ossuary)
  4 river rats
  11 gnolls
  5 giant mites
  11 adders
  2 shadow imps
  3 worms
  An adder zombie (D:8)
  2 adder skeletons
  6 giant geckos
  3 oozes
  50 orcs
  8 ball pythons
  21 bats
  A bat zombie (D:6)
  20 hobgoblins
  12 jackals
  12 kobolds
  2 quokkas
  9 giant cockroaches
  A giant gecko zombie (D:7)
  6 giant newts
  9 goblins
  5 hobgoblin zombies
  A jackal skeleton (D:4)
  17 rats
  4 ballistomycetes (D:6)
  A fungus (D:8)
301 creatures vanquished.

Vanquished Creatures (others)
  A giant spore (D:6)
1 creature vanquished.

Grand Total: 302 creatures vanquished

Notes
Turn   | Place    | Note
--------------------------------------------------------------
     0 | D:1      | Peloso, the Minotaur Fighter, began the quest for the Orb.
     0 | D:1      | Reached XP level 1. HP: 19/19 MP: 1/1
   180 | D:1      | Reached XP level 2. HP: 14/27 MP: 1/1
   225 | D:1      | Reached skill level 4 in Armour
   871 | D:2      | Reached XP level 3. HP: 33/33 MP: 2/2
   880 | D:2      | Reached skill level 1 in Dodging
   964 | D:2      | Found a stormy altar of Qazlal.
  1584 | D:2      | You fall through a shaft!
  1764 | D:3      | Reached XP level 4. HP: 40/40 MP: 2/2
  2514 | D:4      | Reached XP level 5. HP: 28/46 MP: 2/2
  2729 | D:4      | Found a glowing drain.
  2738 | Sewer    | Entered a sewer
  3364 | Sewer    | Reached XP level 6. HP: 53/53 MP: 3/3
  3414 | Sewer    | Reached skill level 5 in Armour
  3498 | Sewer    | Reached skill level 5 in Shields
  3886 | D:4      | Reached XP level 7. HP: 33/60 MP: 3/3
  3926 | D:4      | Found a snail-covered altar of Cheibriados.
  3929 | D:4      | Found a glowing silver altar of Zin.
  3929 | D:4      | Found a basalt altar of Yredelemnul.
  3929 | D:4      | Found a bloodstained altar of Trog.
  3930 | D:4      | Found a radiant altar of Vehumet.
  4014 | D:4      | Reached skill level 6 in Shields
  4083 | D:4      | Reached skill level 5 in Fighting
  4194 | D:4      | Noticed a phantom
  4218 | D:4      | Killed a phantom
  4392 | D:5      | Entered Level 5 of the Dungeon
  4477 | D:5      | Noticed Eustachio
  4519 | D:5      | Killed Eustachio
  4691 | D:5      | Reached skill level 7 in Shields
  4691 | D:5      | Reached XP level 8. HP: 66/69 MP: 3/3
  4821 | D:5      | Reached skill level 5 in Long Blades
  4864 | D:5      | Reached skill level 1 in Stealth
  4983 | D:5      | Noticed Pikel
  4998 | D:5      | Killed Pikel
  4998 | D:5      | Reached skill level 8 in Shields
  5332 | D:5      | Found a shattered altar of Ashenzari.
  5505 | D:6      | Reached XP level 9. HP: 57/78 MP: 4/4
  5646 | D:6      | Found Moideg's Assorted Antiques.
  5653 | D:6      | Reached skill level 9 in Shields
  5993 | D:7      | Noticed HANFGEIST's ghost (experienced SpAE)
  6072 | D:7      | Killed HANFGEIST's ghost
  6097 | D:7      | Found a sand-covered staircase.
  6105 | Ossuary  | Entered an ossuary
  6124 | Ossuary  | HP: 3/78 [mummy (12)]
  6708 | D:7      | Found an ancient bone altar of Kikubaaqudgha.
  6744 | D:7      | Found a staircase to the Ecumenical Temple.
  6758 | Temple   | Entered the Ecumenical Temple
  6811 | Temple   | Became a worshipper of Warmaster Okawaru
  7015 | D:7      | Reached skill level 5 in Dodging
  7339 | D:8      | Reached skill level 10 in Shields
  7425 | D:8      | Found Ilagilex's Antique Weapon Emporium.
  7439 | D:8      | Got a transparent shortbow
  7445 | D:8      | Found an opulent altar of Gozag.
  7486 | D:8      | Acquired Okawaru's first power
  7649 | D:8      | Found a staircase to the Lair.
  8097 | D:8      | Reached XP level 10. HP: 84/86 MP: 4/4
  8128 | D:8      | Noticed Vex's ghost (experienced TrMo)
  8445 | D:8      | Found an opulent altar of Gozag.
  9151 | D:8      | Killed Vex's ghost
  9322 | D:9      | Identified the +3 shortbow of Famine {flame, Stlth+} (You found it on level 8 of the Dungeon)
  9421 | D:9      | Found Kofata's Magic Scroll Boutique.
  9733 | D:9      | Reached skill level 11 in Shields
  9751 | D:9      | Noticed Duvessa
  9751 | D:9      | Noticed Dowan
  9760 | D:9      | Killed Dowan
  9776 | D:9      | Killed Duvessa
 10316 | D:9      | HP: 4/88 [something (1)]
 10318 | D:9      | Slain by an unseen horror

Action                   |  1- 3 |  4- 6 |  7- 9 | 10-12 || total
-------------------------+-------+-------+-------+-------++-------
Melee: Long sword        |   105 |   212 |   614 |   160 ||  1091
Invok: Heroism           |       |       |       |     2 ||     2
Evoke: Wand              |       |       |     1 |     4 ||     5
  Use: Scroll            |       |    10 |    12 |     7 ||    29
       Potion            |       |     1 |     2 |     1 ||     4
  Eat: Chunk             |     2 |     5 |     7 |     4 ||    18
       Royal jelly       |       |     1 |       |       ||     1
       Meat ration       |       |       |     1 |     1 ||     2
       Pizza             |       |       |     1 |       ||     1
       Beef jerky        |       |       |     1 |       ||     1
